 Dungeon Crawl Stone Soup version 0.21-a0-84-g85d6d27 (webtiles) character file.

47 slavetoarmok the Chopper (level 3, -1/33 HPs)
             Began as a Hill Orc Monk on July 4, 2017.
             Slain by a scorpion (4 damage)
             ... on level 3 of the Dungeon.
             The game lasted 00:01:29 (2070 turns).

slavetoarmok the Chopper (Hill Orc Monk)            Turns: 2070, Time: 00:01:30

Health: -1/33      AC:  2    Str: 14    XL:     3   Next: 70%
Magic:  3/3        EV: 13    Int: 10    God:
Gold:   110        SH:  0    Dex: 13    Spells: 2/2 levels left

rFire    . . .     SeeInvis .   a - +0 hand axe
rCold    . . .     Gourm    .   (no shield)
rNeg     . . .     Faith    .   b - +0 robe
rPois    .         Spirit   .   (no helmet)
rElec    .         Reflect  .   (no cloak)
rCorr    .         Harm     .   (no gloves)
MR       .....                  (no boots)
Stlth    ++........             (no amulet)
HPRegen  0.11/turn              (no ring)
MPRegen  0.08/turn              (no ring)

@: no status effects
A: no striking features
a: no special abilities


You were on level 3 of the Dungeon.
You were not hungry.

You visited 1 branch of the dungeon, and saw 3 of its levels.

You collected 110 gold pieces.

Inventory:

Hand Weapons
 a - a +0 hand axe (weapon)
Armour
 b - a +0 robe (worn)
Jewellery
 g - a +2 ring of strength {unknown}
Scrolls
 e - a scroll of enchant armour {unknown}
 i - a scroll of remove curse {unknown}
 j - a scroll of magic mapping {unknown}
 k - 2 scrolls of identify {unknown}
 m - a scroll of noise {unknown}
 n - 3 scrolls of amnesia {unknown}
 p - a scroll of teleportation {unknown}
Potions
 d - a potion of curing {unknown}
 h - a potion of lignification {unknown}
Comestibles
 c - a bread ration
 f - a royal jelly
 l - a meat ration


   Skills:
 * Level 4.2 Fighting
 * Level 4.9 Axes
 * Level 1.5 Armour
 + Level 2.5 Dodging
 - Level 1.5 Stealth


You had 2 spell levels left.
You didn't know any spells.

Dungeon Overview and Level Annotations

Branches:
Dungeon (3/15)

Altars:
Nemelex Xobeh
Trog


Message History

The scorpion stings you. The kobold misses you.
You barely miss the scorpion. You closely miss the kobold.
The scorpion barely misses you. The kobold hits you with a short sword.
You barely miss the scorpion. You miss the kobold. The scorpion misses you.
The kobold closely misses you.
You hit the scorpion.
The scorpion is lightly wounded.
You miss the kobold. The scorpion stings you!
* * * LOW HITPOINT WARNING * * *
The kobold hits you with a short sword.
* * * LOW HITPOINT WARNING * * *
You barely miss the scorpion.
The scorpion is lightly wounded.
You closely miss the kobold. The scorpion barely misses you.
The kobold hits you with a short sword.
* * * LOW HITPOINT WARNING * * *
You barely miss the scorpion.
The scorpion is lightly wounded.
You barely miss the kobold. The scorpion stings you.
You die...

###
#..
#.#.#
#K#.#
#.#.#
#.#.#
#.#s#
#.#@#
#.#K#
#...#
#..##
#..#
#>.#
....
.#.##
....


You could see a scorpion and a kobold.

Vanquished Creatures
  An adder (D:2)
  A worm (D:2)
  2 giant cockroaches
  A goblin (D:1)
  8 hobgoblins
  4 jackals (D:2)
  2 kobolds (D:1)
  2 quokkas (D:2)
  2 bats
  6 frilled lizards
  5 rats
34 creatures vanquished.

Notes
Turn   | Place    | Note
-------+----------+-------------------------------------------
     0 | D:1      | slavetoarmok the Hill Orc Monk began the quest for the Orb.
     0 | D:1      | Reached XP level 1. HP: 19/19 MP: 1/1
   330 | D:1      | Reached XP level 2. HP: 27/27 MP: 2/2
  1033 | D:2      | Found a sparkling altar of Nemelex Xobeh.
  1163 | D:2      | Reached skill level 1 in Armour
  1298 | D:2      | HP: 1/27 [worm (12)]
  1299 | D:2      | Reached XP level 3. HP: 2/33 MP: 3/3
  1856 | D:2      | Found a bloodstained altar of Trog.
  2056 | D:3      | Noticed a scorpion
  2070 | D:3      | Slain by a scorpion

Vault maps used:
D:1:      minmay_arrival_widening_spiral_narrow
D:2:      lightli_temple_of_fire, nicolae_overflow_crystal_walls,
          minmay_door_square
D:3:      st_stairs_9, minmay_misc_feat_diagonals, minmay_misc_feat_iff,
          minmay_misc_feat_nine_boxes, uniq_robin, uniq_sigmund, uniq_terence

Skill      XL: |  1  2  3 |
---------------+----------+-----
Armour         | 1 |  1.5
Fighting       | 4 |  4.2
Axes           | |  4.9
Dodging        | |  2.5
Stealth        | |  1.5

Action                   || total
-------------------------++-------
Melee: Hand axe          ||   124
 Stab: Sleeping          ||     4
       Distracted        ||     1
  Eat: Chunk             ||     4
Armor: Robe              ||    18
Dodge: Dodged            ||    74
